 Dungeon Crawl Stone Soup version 0.28.0-49-g6dfe1f597d (webtiles) character file.

Game seed: 16473485870401647102

28 Exodus22XD the Covered (level 3, 12/34 HPs)
             Began as a Deep Dwarf Fighter on May 14, 2022.
             Was a Follower of Dithmenos.
             Quit the game on level 1 of the Dungeon.
             The game lasted 00:00:41 (390 turns).

Exodus22XD the Covered (Deep Dwarf Fighter)          Turns: 390, Time: 00:00:42

Health: 12/34      AC:  6    Str: 21    XL:     3   Next: 0%
Magic:  3/3        EV:  9    Int:  8    God:    Dithmenos [*.....]
Gold:   18         SH:  4    Dex: 12    Spells: 2/2 levels left

rFire   . . .      SeeInvis .   a - +0 war axe
rCold   . . .      Faith    .   c - +0 buckler
rNeg    . . .      Spirit   .   b - +0 scale mail
rPois   .          Reflect  .   (no helmet)
rElec   .          Harm     .   (no cloak)
rCorr   .          Rampage  .   (no gloves)
Will    .....                   (no boots)
Stlth   ..........              e - amulet of the acrobat
HPRegen 0.00/turn               (no ring)
MPRegen 0.08/turn               (no ring)

@: wreathed by umbra
A: damage resistance, heal wounds, sense surroundings 1, no regeneration
a: Heal Wounds, Renounce Religion


You were on level 1 of the Dungeon.
You worshipped Dithmenos.
Dithmenos was aware of your devotion.
You visited 1 branch of the dungeon, and saw 1 of its levels.

You collected 18 gold pieces.

Inventory:

Hand Weapons
 a - a +0 war axe (weapon)
Armour
 b - a +0 scale mail (worn)
 c - a +0 buckler (worn)
Jewellery
 e - an amulet of the acrobat (around neck)
Scrolls
 f - a scroll of enchant armour {unknown}
Potions
 d - a potion of might


   Skills:
 + Level 3.0 Fighting
 + Level 2.8 Axes
 + Level 3.6 Armour
 + Level 3.5 Shields


You had 2 spell levels left.
You didn't know any spells.
Your spell library was empty.

Dungeon Overview and Level Annotations

Branches:
Dungeon (1/15)

Altars:
Dithmenos


Innate Abilities, Weirdness & Mutations

You are resistant to damage.
You can heal yourself by infusing magical energy.
You passively map a small area around you.
You do not regenerate.


Message History

You block the kobold's attack.
A kobold is nearby!
You closely miss the kobold.
The kobold hits you with a +0 short sword.
A kobold is nearby!
Found a faded altar of an unknown god.
The kobold completely misses you.
You see here a rat corpse.
The kobold hits you with a +0 short sword.
You barely miss the kobold. The kobold closely misses you.
You barely miss the kobold.
The kobold hits you with a +0 short sword.
The kobold barely misses you.
You barely miss the kobold. The kobold misses you.
You hit the kobold.
You kill the kobold!
Things that are here:
a +0 short sword; 3 stones A hobgoblin comes into view.
The hobgoblin shouts!
The hobgoblin misses you. The hobgoblin completely misses you.
The hobgoblin misses you. The hobgoblin completely misses you.
There is a faded altar of an unknown god here.
You cannot tell which god this altar belongs to.
Convert to them anyway?
Dithmenos accepts your prayer! Dithmenos welcomes you!
You are shrouded in an aura of darkness!
The hobgoblin hits you but does no damage.
You barely miss the hobgoblin. The hobgoblin hits you.
You closely miss the hobgoblin.
The hobgoblin hits you but does no damage.
You slash the hobgoblin!
You kill the hobgoblin!
Dithmenos accepts your kill.
You have reached level 3!
Your experience leads to an increase in your attributes!
Increase (S)trength, (I)ntelligence, or (D)exterity?
You feel stronger. x2
Are you sure you want to abandon this character and quit the game? (Confirm with "yes".)

#...)..######..# #...
####....†.# #..# ##..
..........# #..########.. *
*####......# #........###>
#.........# #..#####.####
####......######............
#.####.....###.#####.###.
,..., +.†...# #+#** #.# #.
#### #..@..# **#.# #. , *
#.....#* , ..# #. #.....# ,
, *### #. ,, #.....# , * #)
, #.....# , #. , ####### ,
#. * #. , , #. * #.


There were no monsters in sight!

Vanquished Creatures
  2 endoplasms (D:1)
  2 goblins (D:1)
  3 hobgoblins (D:1)
  5 jackals (D:1)
  4 kobolds (D:1)
  2 quokkas (D:1)
  A ball python (D:1)
  4 bats (D:1)
  2 rats (D:1)
25 creatures vanquished.

Notes
Turn   | Place    | Note
-------+----------+-------------------------------------------
     0 | D:1      | Exodus22XD the Deep Dwarf Fighter began the quest for the
                  | Orb.
     0 | D:1      | Reached XP level 1. HP: 20/20 MP: 1/1
    85 | D:1      | Reached XP level 2. HP: 18/27 MP: 2/2
   368 | D:1      | Found a faded altar of an unknown god.
   386 | D:1      | Prayed at the altar of an unknown god.
   386 | D:1      | Became a worshipper of Dithmenos the Shadowed
   386 | D:1      | Reached * piety under Dithmenos
   390 | D:1      | Reached XP level 3. HP: 12/34 MP: 3/3
   390 | D:1      | Quit the game

Illustrated notes

Levels and vault maps discovered:
D:1:      dpeg_arrival_rhombus, layout_basic, basic_ecumenical_altar

Skill      XL: |  1  2 |
---------------+-------+-----
Fighting       | 3 |  3.0
Axes           | |  2.8
Armour         | |  3.6
Shields        | |  3.5

Action                   || total
-------------------------++-------
Melee: War axe           ||    77
Armor: Scale mail        ||    44
Dodge: Dodged            ||    50
Block: Buckler           ||    17
